 Dungeon Crawl Stone Soup version 0.30.1-11-g7821555f0a (webtiles) character file.

Game seed: 17284680781234325002

41 lonewolfV2 the Shield-Bearer (level 3, -1/31 HPs)
             Began as a Minotaur Fighter on Nov 9, 2023.
             Slain by Terence
             ... wielding a +0 flail
              (5 damage)
             ... on level 2 of the Dungeon.
             The game lasted 00:01:27 (729 turns).

lonewolfV2 the Shield-Bearer (Minotaur Fighter)      Turns: 729, Time: 00:01:28

Health: -1/31      AC:  6    Str: 20    XL:     3   Next: 32%
Magic:  2/2        EV: 10    Int:  5    God:
Gold:   77         SH:  4    Dex: 11    Spells: 2/2 levels left

rFire   . . .        a - +0 war axe
rCold   . . .        c - +0 buckler
rNeg    . . .        b - +0 scale mail
rPois   .            (helmet restricted)
rElec   .            (no cloak)
rCorr   .            (no gloves)
SInv    .            (no boots)
Will    .....        e - amulet of the acrobat Stlth
                     (no ring)
HPRegen 0.25/turn    (no ring)
MPRegen 0.08/turn

%: acrobat
@: no status effects
A: horns 2, retaliatory headbutt
a: no special abilities


You were on level 2 of the Dungeon.
You visited 1 branch of the dungeon, and saw 2 of its levels.

You collected 77 gold pieces.

Inventory:

Hand Weapons
 a - a +0 war axe (weapon)
Armour
 b - a +0 scale mail (worn)
 c - a +0 buckler (worn)
Jewellery
 e - an amulet of the acrobat (around neck)
Scrolls
 f - a scroll of noise {unknown}
Potions
 d - 2 potions of might
 g - a potion of cancellation {unknown}
 h - a potion of resistance {unknown}


   Skills:
 - Level 3.6 Fighting
 - Level 2.4 Axes
 - Level 3.6 Armour
 * Level 3.3 Dodging
 - Level 3.6 Shields


You had 2 spell levels left.
You didn't know any spells.
Your spell library contained the following spells:

 Spells                   Type           Power      Damage    Failure   Level
 Cigotuvi's Dreadful Rot  Necr/Pois/Air  0%         N/A       95%         2
 Dispel Undead            Necr           0%         3d6       100%        4
 Death Channel            Necr           0%         N/A       100%        6


Dungeon Overview and Level Annotations

Branches:
Dungeon (2/15)

Altars:

Shops:
D:1 !

Annotations:
D:2 Terence


Innate Abilities, Weirdness & Mutations

You have a pair of horns on your head.
You reflexively headbutt those who attack you in melee.


Message History

The rat completely misses you.
You closely miss the rat. The rat completely misses you.
You barely miss the rat. The rat bites you.
A rat is nearby!
You barely miss the rat. You headbutt the rat.
You kill the rat!
You see here a rat corpse.
Found a stone staircase leading up.
There is a stone staircase leading up here.
Found a short sword.
Terence the Incautious comes into view.
He is wielding a +0 flail.
Terence shouts!
Terence is nearby!
Terence is nearby!
Terence misses you. You furiously retaliate!
You headbutt Terence. You hit Terence.
Terence is moderately wounded.
Terence hits you with a +0 flail.
You hit Terence but do no damage. You headbutt Terence.
Terence is heavily wounded.
Terence hits you with a +0 flail! Terence hits you with a +0 flail.
You hit Terence but do no damage.
Terence is heavily wounded.
Terence hits you with a +0 flail!
* * * LOW HITPOINT WARNING * * *
You slash Terence! Your headbutt misses Terence.
Terence is severely wounded.
Terence shouts, "DIE!!!"
Terence barely misses you.
You hit Terence but do no damage.
Terence is severely wounded.
Terence hits you but does no damage. Terence hits you with a +0 flail.
* * * LOW HITPOINT WARNING * * *
You closely miss Terence. You headbutt Terence, but do no damage.
Terence is severely wounded.
Terence closely misses you.
You hit Terence.
Terence is almost dead.
Terence hits you with a +0 flail.
You die...

##################
..<..............#
################.#
#######.#######
#..............
#..............
#....).@.......
.......@#.#....
####....#.#.###
......+.. .
........#.#. #
....##### .# ....
# ...


You could see Terence.

Vanquished Creatures
  4 bats (D:1)
  4 endoplasms (D:1)
  2 giant cockroaches (D:2)
  6 goblins (D:1)
  3 hobgoblins (D:1)
  3 kobolds (D:1)
  A quokka (D:2)
  4 ball pythons
  5 frilled lizards
  5 rats
37 creatures vanquished.

Notes
Turn   | Place    | Note
-------+----------+-------------------------------------------
     0 | D:1      | lonewolfV2 the Minotaur Fighter began the quest for the
                  | Orb.
     0 | D:1      | Reached XP level 1. HP: 19/19 MP: 0/0
    64 | D:1      | Reached skill level 1 in Dodging
    89 | D:1      | Reached XP level 2. HP: 26/26 MP: 1/1
   352 | D:1      | Reached XP level 3. HP: 31/31 MP: 2/2
   362 | D:1      | Found Fuegur's Distillery.
   555 | D:2      | Identified the +0 leather armour of Foolhardiness {rElec
                  | Regen+}
   719 | D:2      | Noticed Terence
   729 | D:2      | Slain by Terence

Illustrated notes

Levels and vault maps discovered:
D:1:      lemuel_arrival_river_ford, layout_rooms, serial_shops,
          nicolae_shop_industrial_runoff, serial_glass, glass_columns_b,
          glass_columns_a
D:2:      layout_basic, uniq_terence

Skill      XL: |  1  2 |
---------------+-------+-----
Dodging        | 1 3 |  3.3
Fighting       | |  3.6
Axes           | |  2.4
Armour         | |  3.6
Shields        | |  3.6

Action                     || total
---------------------------++-------
  Melee: War axe           ||    60
         Headbutt          ||     7
    Use: Scroll            ||     1
 Armour: Scale mail        ||    34
  Dodge: Dodged            ||    83
  Block: Buckler           ||    28
